[Event "Team 45 45 League T48"]
[Site "Internet Chess Club"]
[Date "2011.02.13"]
[Round "1"]
[White "Buford-Julep"]
[Black "SidVicious"]
[Result "0-1"]
[WhiteElo "1695"]
[BlackElo "1691"]
[Opening "Sicilian: Kan, 5.Nc3"]
[ECO "B43"]
[Time "15:02:24"]
[TimeControl "2700+45"]

1. e4 c5 2. Nf3 e6 3. d4 cxd4 4. Nxd4 a6 5. Nc3 Qc7 6. Be2 b5 7. O-O Bb7 8. Re1
Nc6 9. Nxc6 dxc6 10. e5 Rd8 11. Bd3 c5 12. Qe2 Ne7 13. Nxb5 axb5 14. Bxb5+ Nc6
15. Qe4 Be7 16. Be3 O-O 17. Bd3 g6 18. Bh6 Rfe8 19. Bb5 Rd4 20. Qe3 Red8 21. a3
Bf8 22. Bg5 Ne7 23. Qb3 Bg7 24. Bc4 Bd5 25. Bxd5 R4xd5 26. f4 R8d7 27. Qh3 Qb6
28. Rab1 Rd2 29. f5 Nxf5 30. Bxd2 Rxd2 31. Qc3 c4+ 32. Kh1 Qf2 33. Rg1 Rxc2 34.
Qa5 h5 35. Rbf1 Qh4 36. Rf3 Qg4 37. Qa8+ Kh7 38. Qb7 Bxe5 39. Qxf7+ Kh6 40. Qf8+
Bg7 41. Qb4 Rxb2 42. Qe1 Rxg2 43. Rxg2 Qxf3 44. Kg1 Bd4+ {White resigns} 0-1

[Event "Team 45 45 League T48"]
[Site "Internet Chess Club"]
[Date "2011.02.13"]
[Round "1"]
[White "Portola"]
[Black "oldsj"]
[Result "1/2-1/2"]
[WhiteElo "1774"]
[BlackElo "1624"]
[Opening "Bishop's opening: Berlin defense"]
[ECO "C24"]
[Time "09:02:45"]
[TimeControl "2700+45"]

1. e4 e5 2. Bc4 Nf6 3. d3 Nc6 4. Nc3 Na5 5. Bb3 Nxb3 6. axb3 Be7 7. Be3 b6 8.
Nge2 c6 9. O-O d5 10. exd5 cxd5 11. d4 e4 12. h3 O-O 13. Ng3 Be6 14. f4 exf3 15.
Qxf3 Qd7 16. Nf5 Bb4 17. Ne2 Bxf5 18. Qxf5 Qxf5 19. Rxf5 Rfe8 20. Rf3 h6 21. Ng3
a5 22. c3 Bd6 23. Bf4 Bxf4 24. Rxf4 Re3 25. Kh2 Rae8 26. Raf1 R8e6 {Game drawn
by mutual agreement} 1/2-1/2